 Dungeon Crawl Stone Soup version 0.28.0-53-g5a82cb258f (webtiles) character file.

Game seed: 17456384822905878226

2653 styxcanada the Covert (level 9, -2/45 HPs)
             Began as a Spriggan Brigand on July 9, 2022.
             Shot with a sling bullet by Joseph (9 damage)
             ... on level 7 of the Dungeon.
             The game lasted 00:35:59 (9537 turns).

styxcanada the Covert (Spriggan Brigand)            Turns: 9537, Time: 00:35:59

Health: -2/45      AC:  3    Str:  9    XL:     9   Next: 36%
Magic:  10/15      EV: 22    Int: 12    God:
Gold:   352        SH:  0    Dex: 21    Spells: 12/15 levels left

rFire   x . .      SeeInvis +   n - +1 dagger of Instinct {freeze, rElec rF- rN+ Str+2}
rCold   . . .      Faith    .   (no shield)
rNeg    + . .      Spirit   .   b - +0 robe
rPois   .          Reflect  .   (helmet restricted)
rElec   +          Harm     .   w - +0 cloak {rCorr}
rCorr   +          Rampage  .   (gloves unavailable)
Will    +....                   (boots unavailable)
Stlth   +++++.....              (no amulet)
HPRegen 0.15/turn               (no ring)
MPRegen 0.14/turn               (no ring)

@: studying Crossbows, very quick
A: very small, no large weapons, unfitting armour, see invisible, speed 3
a: no special abilities


You were on level 7 of the Dungeon.
You visited 2 branches of the dungeon, and saw 8 of its levels.

You collected 352 gold pieces.

Inventory:

Hand Weapons
 a - a +2 dagger of chaos
 h - a +0 hunting sling of venom
 n - the +1 dagger of Instinct (weapon) {freeze, rElec rF- rN+ Str+2}
   (You found it on level 3 of the Dungeon)

   It freezes those it strikes, dealing additional cold damage.
   It can also slow down cold-blooded creatures.
   Str:       It affects your strength (+2).
   rF:        It makes you vulnerable to fire.
   rElec:     It insulates you from electricity.
   rN:        It protects you from negative energy.
 r - the +8 flail of Prudence {flame, rF+}
   (You found it on level 5 of the Dungeon)

   It burns those it strikes, dealing additional fire damage.
   rF:        It protects you from fire.
 u - a +4 quarterstaff of chaos
Missiles
 d - 6 poisoned darts
 i - 5 boomerangs (quivered)
 k - 158 stones
 o - a curare-tipped dart
Armour
 b - a +0 robe (worn)
 f - an orb of light
 w - a +0 cloak of preservation (worn)
Jewellery
 j - a ring of wizardry
 l - a ring of positive energy
 q - a ring of willpower
 s - a ring of wizardry
Wands
 e - a wand of polymorph (7)
Scrolls
 m - a scroll of fear
 v - 2 scrolls of teleportation
Potions
 c - a potion of mutation {unknown}
 g - a potion of ambrosia
 p - 2 potions of flight
 t - a potion of lignification
 x - a potion of might {unknown}


   Skills:
 * Level 3.9 Fighting
 + Level 4.7 Short Blades
 + Level 1.4(3.9) Slings
 + Level 4.8(4.9) Throwing
 * Level 7.0 Dodging
 * Level 12.2 Stealth
 * Level 3.5 Spellcasting
 * Level 3.5 Hexes
 * Level 3.9 Evocations


You had 12 spell levels left.
You knew the following spells:

 Your Spells              Type           Power      Damage    Failure   Level
a - Confusing Touch       Hex            10%        N/A       16%         3

Your spell library contained the following spells:

 Spells                   Type           Power      Damage    Failure   Level
 Slow                     Hex            40%        N/A       5%          1
 Tukima's Dance           Hex            10%        N/A       16%         3
 Animate Skeleton         Necr           4%         N/A       24%         1
 Apportation              Tloc           4%         N/A       24%         1
 Summon Small Mammal      Summ           8%         N/A       24%         1
 Summon Guardian Golem    Hex/Summ       6%         N/A       32%         3
 Vampiric Draining        Necr           2%         2d6       56%         3
 Passage of Golubria      Tloc           2%         N/A       93%         4
 Yara's Violent Unravell  Hex/Tmut       3%         3d4       97%         5
 Alistair's Intoxication  Tmut/Pois      1%         N/A       100%        5
 Orb of Destruction       Conj           1%         9d5       100%        7
 Spellforged Servitor     Conj/Summ      1%         N/A       100%        7


Dungeon Overview and Level Annotations

Branches:
Dungeon (7/15)             Temple (1/1) D:4

Altars:
Ashenzari
Cheibriados
Dithmenos
Elyvilon
Fedhas
Hepliaklqana
Kikubaaqudgha
Makhleb
Nemelex Xobeh
Okawaru
Qazlal
Ru
Sif Muna
Trog
Uskayaw
Vehumet
Wu Jian
Xom
Yredelemnul
Zin
The Shining One

Shops:
D:6 (

Annotations:
D:6 Dowan
D:7 Joseph


Innate Abilities, Weirdness & Mutations

You are very small and have problems with some larger weapons.
You are too small for most types of armour.
You have supernaturally acute eyesight. (SInv)
You cover ground extremely quickly. (Speed+++)


Message History

You barely miss Joseph.
Joseph is lightly wounded.
Joseph hits you with a +0 quarterstaff!
You hit Joseph. You freeze Joseph.
Joseph is lightly wounded.
You hit Joseph but do no damage.
Joseph is lightly wounded.
Joseph hits you with a +0 quarterstaff.
You hit Joseph but do no damage.
Joseph is lightly wounded.
Joseph closely misses you.
You barely miss Joseph.
Joseph is lightly wounded.
Joseph completely misses you.
You barely miss Joseph.
Joseph is lightly wounded.
Joseph closely misses you.
You hit Joseph but do no damage.
Joseph is lightly wounded.
You completely miss Joseph.
Joseph is lightly wounded.
Joseph hits you with a +0 quarterstaff.
* * * LOW HITPOINT WARNING * * *
You hit Joseph but do no damage.
Joseph is lightly wounded.
Joseph hits you with a +0 quarterstaff.
* * * LOW HITPOINT WARNING * * *
You hit Joseph but do no damage.
Joseph is lightly wounded.
Joseph barely misses you.
Joseph unwields a +0 quarterstaff.
Joseph wields a +0 hunting sling.
Joseph shoots a sling bullet.
The sling bullet barely misses you.
Joseph shoots a sling bullet.
The sling bullet completely misses you.
Throw: 5 boomerangs
Press: ? - help, Q - select action, (/) - cycle Shift-Dir - straight line, f - Joseph
Aim: Joseph, wielding a +0 hunting sling, wearing a +0 ring mail and quivering sling bullets (lightly wounded, 69% to hit)
You throw a boomerang. The boomerang barely misses Joseph.
Joseph says, "Return every stolen item!"
Joseph shoots a sling bullet.
The sling bullet hits you!
You die...

##..........#
#..........#
##........##
####@...## #†####
#.# #.## #..# #@.##
#...# #...## .
#....# ##.o ##...#
##...#
..#####..#####...#
........###....####
..................##
...........#........


You could see Joseph.

Vanquished Creatures
  Maggie (D:6)
  6 yaks (D:6)
  Eustachio (D:5)
  A black bear (D:5)
  4 ogres
  A centaur (D:6)
  A bullfrog (D:7)
  2 howler monkeys (D:7)
  A centaur zombie (D:6)
  A bullfrog zombie (D:6)
  2 hounds
  3 jellies
  An orc priest (D:4)
  A centaur skeleton (D:6)
  Crazy Yiuf (D:5)
  A bullfrog skeleton (D:6)
  Ijyb (D:3)
  2 iguanas
  A hound skeleton (D:4)
  A hound zombie (D:5)
  Robin (D:3)
  5 gnolls
  6 adders
  A white imp (D:6)
  An ufetubus (D:6)
  An adder skeleton (D:5)
  2 worms
  2 dart slugs (D:1)
  7 orcs
  10 ball pythons
  6 bats
  10 endoplasms
  5 giant cockroaches
  16 goblins
  14 hobgoblins
  6 jackals
  7 kobolds
  5 quokkas
  3 frilled lizards
  7 rats
148 creatures vanquished.

Vanquished Creatures (collateral kills)
  An adder (D:5)
1 creature vanquished.

Grand Total: 149 creatures vanquished

Notes
Turn   | Place    | Note
-------+----------+-------------------------------------------
     0 | D:1      | styxcanada the Spriggan Brigand began the quest for the
                  | Orb.
     0 | D:1      | Reached XP level 1. HP: 10/10 MP: 2/2
    31 | D:1      | Reached skill level 6 in Stealth
   181 | D:1      | Reached XP level 2. HP: 14/15 MP: 3/3
   345 | D:1      | Reached skill level 7 in Stealth
   440 | D:1      | Reached XP level 3. HP: 18/18 MP: 4/4
  1534 | D:2      | Reached XP level 4. HP: 17/23 MP: 5/5
  1783 | D:2      | Reached skill level 8 in Stealth
  2440 | D:3      | Identified the +1 dagger of Instinct {freeze, rElec rF- rN+
                  | Str+2}
  2450 | D:3      | Noticed Robin
  2469 | D:3      | Killed Robin
  2527 | D:3      | Reached XP level 5. HP: 5/26 MP: 6/6
  2872 | D:3      | Noticed Ijyb
  3010 | D:3      | Killed Ijyb
  3633 | D:3      | You fall into a shaft and drop 3 floors!
  3633 | D:6      | Noticed a yak
  3633 | D:6      | Noticed a yak
  3634 | D:6      | Killed a yak
  3635 | D:6      | Reached skill level 9 in Stealth
  3635 | D:6      | Reached XP level 6. HP: 32/32 MP: 7/7
  3635 | D:6      | Noticed a yak
  3635 | D:6      | Noticed a yak
  3636 | D:6      | Noticed a yak
  3636 | D:6      | Noticed a yak
  3637 | D:6      | Killed a yak
  3647 | D:6      | Noticed Dowan
  3662 | D:6      | Found Qinn's Antique Weapon Shop.
  3683 | D:5      | Entered Level 5 of the Dungeon
  3894 | D:5      | Identified the +8 flail of Prudence {flame, rF+}
  3973 | D:5      | Noticed Eustachio
  3980 | D:5      | Killed Eustachio
  3981 | D:5      | Reached skill level 10 in Stealth
  3981 | D:5      | Reached XP level 7. HP: 35/35 MP: 8/8
  4019 | D:5      | Learned a level 3 spell: Confusing Touch
  4310 | D:4      | Reached skill level 5 in Dodging
  4310 | D:4      | Reached skill level 1 in Hexes
  4310 | D:4      | Reached skill level 1 in Evocations
  5130 | D:3      | Reached XP level 8. HP: 4/40 MP: 10/10
  5142 | D:3      | Reached skill level 1 in Spellcasting
  5530 | D:4      | Reached skill level 11 in Stealth
  5722 | D:4      | Found a staircase to the Ecumenical Temple.
  5732 | Temple   | Entered the Ecumenical Temple
  6810 | D:5      | Found a runed translucent door.
  6811 | D:5      | Noticed Crazy Yiuf
  6818 | D:5      | Killed Crazy Yiuf
  7502 | D:6      | Noticed Maggie
  7521 | D:6      | Killed Maggie
  8614 | D:6      | Reached XP level 9. HP: 6/45 MP: 14/14
  8966 | D:6      | Reached skill level 12 in Stealth
  8997 | D:6      | Reached skill level 1 in Slings
  9491 | D:7      | Noticed Joseph
  9537 | D:7      | Shot with a sling bullet by Joseph

Illustrated notes

Levels and vault maps discovered:
D:1:      evilmike_arrival_crescent, layout_loops_ring, st_stairs_6,
          minmay_tripent
D:2:      layout_basic, minmay_circle_x
D:3:      layout_loops_ring, uniq_robin, uniq_ijyb
D:4:      layout_rooms, minmay_temple_entry_proselytizer,
          lightli_ossuary_entry_decrepit_ruins, portal_sewer_entry_d
D:5:      layout_loops_ring, minmay_strange_pillars, uniq_crazy_yiuf_cottage,
          uniq_eustachio
D:6:      layout_loops_cross, serial_shops, nicolae_diamond_shop, uniq_maggie,
          uniq_duvessa
D:7:      layout_cave_pods, uniq_joseph
Temple:   nicolae_temple_the_god_donut

Skill      XL: |  1  2  3  4  5  6  7  8  9 |
---------------+----------------------------+-----
Stealth        | 6 7 8 9 10 11 12 | 12.2
Fighting       | 2 3 |  3.9
Dodging        | 2 3 4 5 6 7 |  7.0
Short Blades   | 3 4 |  4.7
Throwing       | 3 4 |  4.8
Hexes          | 1 3 |  3.5
Evocations     | 1 3 |  3.9
Spellcasting   | 2 3 |  3.5
Slings         | 1 |  1.4

Action                   |  1- 3 |  4- 6 |  7- 9 || total
-------------------------+-------+-------+-------++-------
Melee: Dagger            |   112 |   121 |   374 ||   607
       Punch             |     1 |     3 |    10 ||    14
       Unarmed           |       |     3 |       ||     3
 Fire: Hunting sling     |       |       |    23 ||    23
Throw: Dart              |     6 |    34 |    62 ||   102
       Stone             |       |     4 |     4 ||     8
       Boomerang         |       |       |     5 ||     5
 Cast: Confusing Touch   |       |       |     3 ||     3
  Use: Scroll            |       |     2 |    10 ||    12
 Stab: Sleeping          |    18 |    17 |    18 ||    53
       Confused          |       |       |     3 ||     3
Armor: Robe              |    10 |    12 |    33 ||    55
       Skin              |       |     6 |       ||     6
Dodge: Dodged            |    42 |    79 |   289 ||   410
